 Dungeon Crawl Stone Soup version 0.25.0-41-g26779e291d (webtiles) character file.

Game seed: 5933135428292733637

1053 Peloso the Slasher (level 8, -3/63 (68) HPs)
             Began as a Ghoul Fighter on July 10, 2020.
             Slain by Harold
             ... wielding a +0 hand axe
              (17 damage)
             ... on level 7 of the Dungeon.
             The game lasted 00:08:41 (4451 turns).

Peloso the Slasher (Ghoul Fighter)                  Turns: 4451, Time: 00:08:42

HP:   -3/63 (68)    AC: 11    Str: 20    XL:     8   Next: 26%
MP:   16/16         EV:  6    Int:  3    God:
Gold: 269           SH:  9    Dex: 10    Spells: 7/7 levels left

rFire    . . .     SeeInvis .   a - +0 long sword
rCold    + . .     Gourm    .   c - +0 kite shield
rNeg     + + +     Faith    .   g - +0 chain mail
rPois    ∞         Spirit   .   (no helmet)
rElec    .         Reflect  .   (no cloak)
rCorr    .         Harm     .   j - +0 pair of gloves (curse)
MR       .....                  (no boots)
Stlth    ..........             h - amulet of regeneration
HPRegen  0.00/turn              n - ring of magical power
MPRegen  0.15/turn              (no ring)

@: mighty, rotting
A: rotting body, claws 1, carnivore, cold resistance 1, negative energy
resistance 3, inhibited regeneration, torment resistance, unbreathing
a: no special abilities


You were on level 7 of the Dungeon.
You were not hungry.

You visited 2 branches of the dungeon, and saw 8 of its levels.

You collected 269 gold pieces.

Inventory:

Hand Weapons
 a - a +0 long sword (weapon)
 b - a +1 vampiric hand axe
Armour
 c - a +0 kite shield (worn)
 g - a +0 chain mail (worn)
 j - a cursed +0 pair of gloves (worn)
 l - a +0 scale mail
Jewellery
 h - an amulet of regeneration (around neck)
 n - a ring of magical power (left hand)
Scrolls
 e - 3 scrolls of identify {unknown}
 i - 2 scrolls of noise {unknown}
 k - a scroll of random uselessness {unknown}
 m - a scroll of remove curse {unknown}
 o - a scroll of enchant weapon {unknown}
Comestibles
 f - 4 rations


   Skills:
 + Level 5.0 Fighting
 + Level 5.4 Long Blades
 + Level 4.9 Armour
 + Level 1.8 Dodging
 + Level 0.6 Stealth
 + Level 4.5 Shields


You had 7 spell levels left.
You didn't know any spells.
Your spell library was empty.

Dungeon Overview and Level Annotations

Branches:
Dungeon (6/15)             Temple (1/1) D:4

Altars:
Ashenzari
Elyvilon
Fedhas
Gozag
Hepliaklqana
Kikubaaqudgha
Makhleb
Qazlal
Ru
Sif Muna
Trog
Uskayaw
Vehumet
Wu Jian
Yredelemnul
Zin
The Shining One

Annotations:
D:4 2 runed translucent doors, iamserjio's ghost, amateur GnIE
D:7 Harold


Innate Abilities, Weirdness & Mutations

Your body is rotting away.
You thrive on raw meat.
You are immune to poison.
You have sharp fingernails.
You are carnivorous and can eat meat at any time.
Your flesh is cold resistant. (rC+)
You are immune to negative energy. (rN+++)
You do not regenerate when monsters are visible.
You are immune to unholy pain and torment.
You can survive without breathing.


Message History

Things that are here:
a throwing net; a scorpion corpse You struggle against the net.
A leopard gecko zombie comes into view.
You struggle against the net.
You rip the net and break free!
Harold throws a throwing net.
The throwing net hits you.
You become entangled in the net!
You struggle against the net.
You struggle against the net.
Harold hits you with a +0 hand axe.
* * * LOW HITPOINT WARNING * * *
You rip the net and break free!
Harold thinks, and says "Perhaps I'll take up hiking after I'm done here..."
You block Harold's attack.
You hit Harold.
Harold is lightly wounded.
You block Harold's attack.
You slash Harold!
Harold is lightly wounded.
Harold hits you with a +0 hand axe!
You die...

#. #.# .# .. #. #..
#.# #.# .... #.. #.#
###...
###..#####.##....###
#.....@@Z...........
##..#.)###.#....?.(.
#.....# #.#.....#.
##.#..###.....o....
...#..(##"#####)...
.... #.>..)?# ...
... ###)##....... .
... ...####.c...
##... ...J.


You could see Harold and a leopard gecko zombie.

Vanquished Creatures
  Eustachio (D:4)
  Edmund (D:4)
  A black bear (D:6)
  2 centaurs
  3 bullfrogs
  A scorpion (D:7)
  A hound (D:4)
  2 jellies
  4 worker ants
  2 hound skeletons
  3 gnolls (D:4)
  2 adders
  An adder skeleton (D:6)
  A worm (D:2)
  A dart slug (D:1)
  A leopard gecko (D:1)
  5 orcs
  8 bats
  3 giant cockroaches
  3 goblins
  4 hobgoblins
  4 jackals (D:3)
  A quokka (D:2)
  3 frilled lizards
  5 kobolds
  A leopard gecko skeleton (D:7)
  A quokka skeleton (D:7)
  2 rats (D:2)
67 creatures vanquished.

Notes
Turn   | Place    | Note
-------+----------+-------------------------------------------
     0 | D:1      | Peloso the Ghoul Fighter began the quest for the Orb.
     0 | D:1      | Reached XP level 1. HP: 19/19 MP: 0/0
   239 | D:1      | Reached XP level 2. HP: 26/26 MP: 1/1
   565 | D:2      | Reached XP level 3. HP: 28/33 MP: 2/2
  1187 | D:2      | Found an opulent altar of Gozag.
  1809 | D:3      | You fall into a shaft and drop 3 floors!
  1822 | D:6      | Reached skill level 1 in Dodging
  1822 | D:6      | Reached XP level 4. HP: 30/40 MP: 3/3
  1828 | D:6      | Noticed a bullfrog
  1840 | D:6      | Killed a bullfrog
  1840 | D:6      | Reached XP level 5. HP: 5/46 MP: 4/4
  2246 | D:6      | Noticed a centaur
  2256 | D:6      | Killed a centaur
  2256 | D:6      | Reached XP level 6. HP: 29/52 MP: 5/5
  2390 | D:6      | Noticed a black bear
  2405 | D:6      | Killed a black bear
  2596 | D:5      | Entered Level 5 of the Dungeon
  2682 | D:6      | Reached XP level 7. HP: 47/60 MP: 6/6
  2978 | D:4      | Noticed Edmund
  3000 | D:4      | Killed Edmund
  3363 | D:4      | Noticed Eustachio
  3442 | D:4      | Killed Eustachio
  3641 | D:4      | Found a staircase to the Ecumenical Temple.
  3650 | Temple   | Entered the Ecumenical Temple
  3743 | D:4      | Found a radiant altar of Vehumet.
  3810 | D:4      | Found a large runed translucent door.
  3810 | D:4      | Found a large runed translucent door.
  3814 | D:4      | Noticed iamserjio's ghost (amateur GnIE)
  3876 | D:4      | Reached skill level 5 in Long Blades
  4051 | D:4      | Found a shimmering blue altar of Sif Muna.
  4394 | D:4      | You fall into a shaft and drop 3 floors!
  4423 | D:7      | Reached XP level 8. HP: 40/62 MP: 7/7
  4426 | D:7      | Reached skill level 5 in Fighting
  4442 | D:7      | Noticed Harold
  4451 | D:7      | Slain by Harold

Illustrated notes

Levels and vault maps discovered:
D:1:      wheals_arrival_shading, layout_basic
D:2:      layout_loops_ring, nicolae_gozag_seed_capital,
          serial_co_window_serial, co_window_corner_a, co_window_paths_a,
          co_window_paths_b, co_window_of_opportunity_a, co_window_corner_a,
          co_window_broadway_a, co_window_cross_2, co_window_unsneaky_path_d
D:3:      layout_basic
D:4:      layout_basic, vehumet_crystals, marbit_many_paths,
          minmay_temple_entry_waves, ebering_ghost_disaster_area, uniq_edmund,
          uniq_eustachio
D:5:      layout_loops_corners, chequers_temple_overflow_statue_of_worship,
          first_ration
D:6:      layout_loops_corners, serial_shops, shop_fountains
D:7:      layout_rooms, kennysheep_path_1, grunt_ogre_cave, trog_book,
          uniq_duvessa, uniq_harold, uniq_pikel
Temple:   nicolae_temple_great_sept

Skill      XL: |  1  2  3  4  5  6  7  8 |
---------------+-------------------------+-----
Long Blades    | 2 3 4 5 |  5.4
Dodging        | 1 |  1.8
Shields        | 3 4 |  4.5
Fighting       | 4 5 |  5.0
Armour         | 3 4 |  4.9
Stealth        | |  0.6

Action                   |  1- 3 |  4- 6 |  7- 9 || total
-------------------------+-------+-------+-------++-------
Melee: Long sword        |   116 |    77 |   163 ||   356
  Use: Potion            |     4 |     1 |     1 ||     6
  Eat: Chunk             |     3 |     3 |     4 ||    10
       Ration            |       |       |     1 ||     1
Armor: Scale mail        |    77 |    17 |       ||    94
       Chain mail        |       |    25 |    83 ||   108
Dodge: Dodged            |    49 |    25 |    46 ||   120
Block: Kite shield       |    66 |    51 |    92 ||   209
       Rpst.: Long sword |    15 |    10 |    13 ||    38
